 Dungeon Crawl Stone Soup version 0.26.0-16-gc1dbca0489 (webtiles) character file.

Game seed: 15202529604055277184

23 Marvel the Sneak (level 2, -3/13 HPs)
             Began as a Spriggan Enchanter on Jan 22, 2021.
             Slain by a hobgoblin
             ... wielding a +0 club
              (4 damage)
             ... on level 1 of the Dungeon.
             The game lasted 00:03:27 (1404 turns).

Marvel the Sneak (Spriggan Enchanter)               Turns: 1404, Time: 00:03:28

Health: -3/13      AC:  2    Str:  4    XL:     2   Next: 75%
Magic:  6/7        EV: 18    Int: 16    God:
Gold:   102        SH:  0    Dex: 16    Spells: 6/7 levels left

rFire    . . .     SeeInvis +   a - +1 dagger
rCold    . . .     Faith    .   (shield restricted)
rNeg     . . .     Spirit   .   b - +0 robe
rPois    .         Reflect  .   (helmet restricted)
rElec    .         Harm     .   (no cloak)
rCorr    .         Rampage  .   (gloves unavailable)
Will     .....                  (boots unavailable)
Stlth    +++.......             (no amulet)
HPRegen  0.04/turn              (no ring)
MPRegen  0.10/turn              (no ring)

@: very quick
A: very small, unfitting armour, see invisible, speed 3
a: no special abilities


You were on level 1 of the Dungeon.
You visited 1 branch of the dungeon, and saw 2 of its levels.

You collected 102 gold pieces.

Inventory:

Hand Weapons
 a - a +1 dagger (weapon)
Armour
 b - a +0 robe (worn)
Scrolls
 f - 2 scrolls of identify {unknown}
Potions
 c - a potion of haste {unknown}
 d - a potion of heal wounds {unknown}
 e - a potion of lignification {unknown}


   Skills:
 + Level 1.4 Short Blades
 + Level 3.1 Dodging
 + Level 4.6 Stealth
 + Level 3.4 Spellcasting
 + Level 4.0 Hexes


You had 6 spell levels left.
You knew the following spells:

 Your Spells              Type           Power        Failure   Level
a - Corona                Hex            16%          3%          1

Your spell library contained the following spells:

 Spells                   Type           Power        Failure   Level
 Confusing Touch          Hex            15%          11%         3
 Tukima's Dance           Hex            15%          11%         3
 Ensorcelled Hibernation  Hex/Ice        18%          12%         2
 Dazzling Flash           Conj/Hex       18%          24%         3


Dungeon Overview and Level Annotations

Branches:
Dungeon (2/15)

Altars:


Innate Abilities, Weirdness & Mutations

You are very small and have problems with some larger weapons.
You are too small for most types of armour.
You have supernaturally acute eyesight. (SInv)
You cover ground extremely quickly.


Message History

You hit the frilled lizard.
The frilled lizard is heavily wounded.
The frilled lizard bites you but does no damage.
You hit the frilled lizard.
You kill the frilled lizard!
The hobgoblin hits you with a +0 club.
Things that are here:
a +0 dagger; a frilled lizard corpse
Aiming: Corona (safe; 3% risk of failure)
Press: ? - help, Q - select action Shift-Dir - straight line, f - hobgoblin
Aim: a hobgoblin, wielding a +0 club, wearing a +0 ring mail and wearing a +0 buckler (chance to affect: 69%)
The hobgoblin is outlined in light.
The hobgoblin hits you with a +0 club.
A kobold comes into view. It is wielding a +0 dagger.
You barely miss the hobgoblin. The hobgoblin hits you with a +0 club.
* * * LOW HITPOINT WARNING * * *
The hobgoblin stops glowing.
A rat comes into view.
The hobgoblin hits you with a +0 club.
You die...

###########.#........#.....#.....
#......##.##########.........#
#......##..# #...# #....####.#
##......###.###...# #.......#.
#.......# #..##...# #.....###.#
#.......####.##)..# #...).....#
#.........##..#...# #.#########
##.........###.#...# #.#
##.........# #.'@..# #.#
g..........# ##'.g.###..
##.........# #......##.
#.........###......#
#..................#
##..........)##'####
#...........##.# ######......##r.
#...((.###.#


You could see a hobgoblin and a rat (wandering).

Vanquished Creatures
  A dart slug (D:1)
  An orc (D:2)
  A giant cockroach (D:1)
  3 hobgoblins
  4 kobolds
  A bat (D:2)
  3 frilled lizards
  4 goblins
  2 rats (D:2)
20 creatures vanquished.

Notes
Turn   | Place    | Note
-------+----------+-------------------------------------------
     0 | D:1      | Marvel the Spriggan Enchanter began the quest for the Orb.
     0 | D:1      | Reached XP level 1. HP: 9/9 MP: 5/5
   738 | D:2      | Reached XP level 2. HP: 13/13 MP: 7/7
  1404 | D:1      | Slain by a hobgoblin

Illustrated notes

Levels and vault maps discovered:
D:1:      psy_arrival_statuary, layout_basic, minmay_pentomino_p4
D:2:      kennysheep_six_static_rooms, layout_basic

Skill      XL: |  1  2 |
---------------+-------+-----
Spellcasting   | 3 |  3.4
Hexes          | 4 |  4.0
Short Blades   | |  1.4
Dodging        | |  3.1
Stealth        | |  4.6

Action                   || total
-------------------------++-------
Melee: Dagger            ||    92
 Cast: Corona            ||    30
 Stab: Sleeping          ||     1
Armor: Robe              ||     9
Dodge: Dodged            ||    61
